 Dungeon Crawl Stone Soup version 0.28-a0-1199-gef9e1dbd39 (webtiles) character file.

Game seed: 18013831483517942660

192 bande the Covered (level 5, -4/49 HPs)
             Began as a Gargoyle Fighter on Dec 19, 2021.
             Killed by divine providence
             ... invoked by an orc priest
              (8 damage)
             ... on level 4 of the Dungeon.
             The game lasted 00:05:24 (4025 turns).

bande the Covered (Gargoyle Fighter)                Turns: 4025, Time: 00:05:25

Health: -4/49      AC: 17    Str: 20    XL:     5   Next: 71%
Magic:  5/5        EV:  7    Int:  8    God:
Gold:   212        SH:  0    Dex: 11    Spells: 4/4 levels left

rFire   + . .      SeeInvis .   a - +1 war axe
rCold   + . .      Faith    +   c - +0 buckler
rNeg    + . .      Spirit   .   m - +0 chain mail
rPois   ∞          Reflect  .   (no helmet)
rElec   +          Harm     .   b - +0 cloak
rCorr   +          Rampage  .   g - +0 pair of gloves
Will    .....                   (no boots)
Stlth   ..........              o - amulet of faith
HPRegen 0.16/turn               (no ring)
MPRegen 0.09/turn               (no ring)

@: confused, berserking (expiring), resistant, flying, very quick
A: sickness immunity, AC +4, negative energy resistance 1, electricity
resistance, torment resistance 1, petrification resistance, big wings, shaggy
fur 1
a: no special abilities


You were on level 4 of the Dungeon.
You visited 1 branch of the dungeon, and saw 4 of its levels.

You collected 212 gold pieces.

Inventory:

Hand Weapons
 a - a +1 war axe (weapon)
 j - a +0 flail
Armour
 b - a +0 cloak (worn)
 c - a +0 buckler (worn)
 g - a +0 pair of gloves (worn)
 m - a +0 chain mail (worn)
Jewellery
 l - an amulet of the acrobat
 o - an amulet of faith (around neck)
Wands
 i - a wand of iceblast (1)
Scrolls
 e - a scroll of magic mapping
 h - 2 scrolls of teleportation
 q - 3 scrolls of identify
Potions
 d - 2 potions of might
 p - a potion of heal wounds {unknown}
 r - a potion of ambrosia {unknown}


   Skills:
 + Level 4.1 Fighting
 + Level 3.6 Axes
 + Level 4.4 Armour
 - Level 0.2 Stealth
 + Level 3.8 Shields


You had 4 spell levels left.
You didn't know any spells.
Your spell library contained the following spells:

 Spells                   Type           Power      Damage    Failure   Level
 Passwall                 Tmut/Erth      0%         N/A       100%        2
 Inner Flame              Hex/Fire       0%         N/A       100%        3
 Portal Projectile        Hex/Tloc       0%         N/A       100%        3
 Summon Guardian Golem    Hex/Summ       0%         N/A       100%        3
 Swiftness                Air            0%         N/A       100%        3
 Cause Fear               Hex            0%         N/A       100%        4
 Alistair's Intoxication  Tmut/Pois      0%         N/A       100%        5
 Blade Hands              Tmut           0%         N/A       100%        5
 Borgnjor's Vile Clutch   Necr/Erth      0%         N/A       100%        5
 Excruciating Wounds      Necr           0%         N/A       100%        5
 Eringya's Noxious Bog    Tmut/Pois      0%         N/A       100%        6
 Orb of Destruction       Conj           0%         N/A       100%        7
 Spellforged Servitor     Conj/Summ      0%         N/A       100%        7
 Discord                  Hex            0%         N/A       100%        8


Dungeon Overview and Level Annotations

Branches:
Dungeon (4/15)
 Temple: D:4-7

Altars:


Innate Abilities, Weirdness & Mutations

You are immune to sickness and miasma.
Your stone body is resilient. (AC +4)
You are immune to poison.
You resist negative energy. (rN+)
You are resistant to electric shocks. (rElec)
You are resistant to unholy torment.
You are immune to petrification.
Your large and strong wings let you fly.
You are covered in fur. (AC +1)


Message History

You hear some strange, mumbled words.
A puff of flame appears from out of thin air!
The puff of flame hits you but does no damage.
You miss something. Something completely misses you.
Something hits you but does no damage.
You miss something. Something hits you but does no damage.
You closely miss something.
The orc priest begins to cast a cantrip, but forgets the words!
Something hits you but does no damage.
You hit something. Something hits you but does no damage.
You hit something. Something hits you but does no damage.
The orc priest calls down the wrath of Beogh upon you.
Beogh smites you!
* * * LOW HITPOINT WARNING * * *
Something hits you but does no damage.
You completely miss something. Something hits you but does no damage.
You miss something. You block something's attack.
You hit something.
Something hits you but does no damage. x2
It was a potion of mutation.
You feel extremely strange. Fur sprouts all over your body.
Your wings grow larger and stronger.
The orc priest calls upon Beogh to heal the orc.
The orc's wounds heal themselves!
You block something's attack.
It was a potion of resistance.
You feel protected. Something hits you but does no damage.
It was a potion of berserk rage.
A red film seems to cover your vision as you go berserk!
You feel yourself moving faster!
You feel mighty! Something hits you but does no damage.
You miss something. Something hits you but does no damage.
You miss something. Something hits you but does no damage.
You closely miss something.
You hear some strange, mumbled words.
You are confused.
You bump into the rock wall.
You completely miss something. Something hits you but does no damage.
You bump into the rock wall.
The orc priest invokes the aid of Beogh against you.
Beogh smites you!
You die...

############
#...@{oo....
#.##########
#.# #....#
### #.#
#.##.# ..#
####'###.##.#
#.# .. #.#
#......#.##.#
#.# #.# #.#
#......#.##.#
#.# #.# #.#
#......#.##.#
#.# #.# #.#
#......#.##.#
#.# #.#


You could see an orc priest and an orc.

Vanquished Creatures
  A hound (D:4)
  An orc wizard (D:4)
  5 adders
  3 worms
  A dart slug (D:4)
  13 endoplasms
  A giant cockroach (D:1)
  3 goblins
  8 hobgoblins
  2 jackals (D:1)
  2 quokkas (D:4)
  12 ball pythons
  14 bats
  A frilled lizard (D:1)
  7 kobolds
  11 rats
85 creatures vanquished.

Notes
Turn   | Place    | Note
-------+----------+-------------------------------------------
     0 | D:1      | bande the Gargoyle Fighter began the quest for the Orb.
     0 | D:1      | Reached XP level 1. HP: 14/14 MP: 1/1
    42 | D:1      | Reached XP level 2. HP: 18/19 MP: 2/2
   595 | D:1      | Reached XP level 3. HP: 23/23 MP: 3/3
   804 | D:1      | Found a faded altar of an unknown god.
  1463 | D:2      | Reached XP level 4. HP: 20/29 MP: 4/4
  3161 | D:4      | Reached XP level 5. HP: 29/33 MP: 5/5
  4013 | D:4      | HP: 1/33 [orc priest/divine providence (13)]
  4017 | D:4      | Gained mutation: You are covered in fur. (AC +1) [potion of
                  | mutation]
  4017 | D:4      | Gained mutation: Your large and strong wings let you fly.
                  | [potion of mutation]
  4025 | D:4      | Killed from afar by an orc priest

Illustrated notes

Levels and vault maps discovered:
D:1:      dpeg_arrival_ratfight, layout_rooms,
          hellmonk_ecumenical_altar_dog_temple, minmay_cupped
D:2:      layout_loops_ring, minmay_unequal
D:3:      layout_basic, roderic_batcave
D:4:      layout_basic

Skill      XL: |  1  2  3  4 |
---------------+-------------+-----
Axes           | 2 3 |  3.6
Armour         | 4 |  4.4
Fighting       | 4 |  4.1
Stealth        | |  0.2
Shields        | |  3.8

Action                   |  1- 3 |  4- 6 || total
-------------------------+-------+-------++-------
Melee: War axe           |   114 |   125 ||   239
  Use: Scroll            |       |     6 ||     6
       Potion            |       |     3 ||     3
Armor: Scale mail        |    56 |    18 ||    74
       Chain mail        |       |    82 ||    82
Dodge: Dodged            |    56 |    50 ||   106
Block: Buckler           |    23 |    27 ||    50

Table legend: (Time is in decaauts)
 A = Elapsed time spent in this place.
 B = Non-inter-level travel time spent in this place.
 C = Inter-level travel time spent in this place.
 D = Time resting spent in this place.
 E = Time spent auto-exploring this place.
 F = Levels seen in this place.
 G = Mean time per level.
                   A        B        C        D        E       F      G
               +--------+--------+--------+--------+--------+-----+--------+
         Total |   4112 |   4112 |      0 |    582 |   2794 |   4 | 1028.0 |
       Dungeon |   4112 |   4112 |      0 |    582 |   2794 |   4 | 1028.0 |
               +--------+--------+--------+--------+--------+-----+--------+

Top non-repeatable levels by time:
     D:1: 1147 daAuts
     D:2: 1122 daAuts
     D:4: 952 daAuts
     D:3: 889 daAuts
